 Dungeon Crawl Stone Soup version 0.31.0-12-g77e489cdc1 (webtiles) character file.

Game seed: 12010686781098449299

68 Renzlar the Shield-Bearer (level 4, -9/41 HPs)
             Began as a Gnoll Fighter on Feb 25, 2024.
             Mangled by Crazy Yiuf
             ... wielding a +3 quarterstaff of chaos
              (12 damage)
             ... on level 2 of the Dungeon on Mar 6, 2024.
             The game lasted 00:06:41 (1364 turns).

Renzlar the Shield-Bearer (Gnoll Fighter)           Turns: 1364, Time: 00:06:42

Health: -9/41      AC:  9    Str: 17    XL:     4   Next: 19%
Magic:  5/5        EV:  9    Int:  8    God:
Gold:   103        SH:  5    Dex: 11    Spells: 2/5 levels left

rFire   . . .        a - +0 war axe
rCold   . . .        c - +0 buckler
rNeg    . . .        b - +0 scale mail
rPois   .            (no helmet)
rElec   .            (no cloak)
rCorr   .            j - +0 pair of gloves
SInv    .            (no boots)
Will    .....        (no amulet) Stlth
                     (no ring)
HPRegen 0.26/turn    (no ring)
MPRegen 0.09/turn

%: no passive effects
@: mighty, lethally poisoned (-9 -> -22), fragile (+50% incoming damage),
slowed, very slow
A: fangs 1, strong nose, distributed training
a: no special abilities


You were on level 2 of the Dungeon.
You visited 1 branch of the dungeon, and saw 2 of its levels.

You collected 103 gold pieces.

Inventory:

Hand Weapons
 a - a +0 war axe (weapon)
Armour
 b - a +0 scale mail (worn)
 c - a +0 buckler (worn)
 j - a +0 pair of gloves (worn)
Jewellery
 e - a +6 ring of intelligence
 i - a ring of resist corrosion
Scrolls
 f - a scroll of butterflies {unknown}
 g - a scroll of teleportation
 k - a scroll of immolation {unknown}
 l - a scroll of poison {unknown}
Potions
 h - a potion of enlightenment


   Skills:
 + Level 6.6 Fighting
 + Level 1.1 Short Blades
 + Level 1.1 Long Blades
 + Level 4.6 Axes
 + Level 1.1 Maces & Flails
 + Level 1.1 Polearms
 + Level 1.1 Staves
 + Level 1.1 Ranged Weapons
 + Level 1.1 Throwing
 + Level 6.6 Armour
 + Level 1.1 Dodging
 + Level 1.1 Stealth
 + Level 6.6 Shields
 + Level 1.1 Unarmed Combat
 + Level 1.1 Spellcasting
 + Level 0.8 Conjurations
 + Level 0.8 Hexes
 + Level 0.8 Summonings
 + Level 0.8 Necromancy
 + Level 0.8 Translocations
 + Level 0.8 Fire Magic
 + Level 0.8 Ice Magic
 + Level 0.8 Air Magic
 + Level 0.8 Earth Magic
 + Level 0.8 Alchemy
 + Level 1.2 Invocations
 + Level 1.1 Evocations
 + Level 1.0 Shapeshifting


You had 2 spell levels left.
You knew the following spells:

 Your Spells              Type           Power      Damage    Failure   Level
a - Fugue of the Fallen   Necr           1%         N/A       97%         3

Your spell library contained the following spells:

 Spells                   Type           Power      Damage    Failure   Level
 Ensorcelled Hibernation  Hex/Ice        2%         N/A       83%         2
 Anguish                  Hex/Necr       0%         N/A       100%        4


Dungeon Overview and Level Annotations

Branches:
Dungeon (2/15)

Altars:

Annotations:
D:2 Crazy Yiuf


Innate Abilities, Weirdness & Mutations

You have very sharp teeth.
Your uncanny sense of smell can sniff out nearby items.
Your experience applies equally to all skills.


Message History

Crazy Yiuf says, "Shadow!
Tosser canine shrimp."
Press: ? - help, v - describe, . - travel, g - get item Item here: a hammer.
The floor.
Casting: Fugue of the Fallen (astonishingly dangerous; 97% risk of failure)
Confirm with . or Enter, or press ? or * to list all spells.
Okay, then.
Okay, then.
You open the door. You slash Crazy Yiuf! Your bite misses Crazy Yiuf.
Crazy Yiuf is heavily wounded.
Crazy Yiuf hits you with a +3 quarterstaff of chaos!
You feel yourself slow down.
Unknown command.
You hit Crazy Yiuf but do no damage. You bite Crazy Yiuf, but do no damage.
Crazy Yiuf is heavily wounded.
Crazy Yiuf says, "Mugger!
Dawk return to song koolooloo."
Crazy Yiuf barely misses you.
Crazy Yiuf hits you with a +3 quarterstaff of chaos.
Your body becomes as fragile as glass!
Unknown command.
Unknown command.
You slash Crazy Yiuf!
Crazy Yiuf is almost dead.
Crazy Yiuf hits you with a +3 quarterstaff of chaos.
You are poisoned.
You block Crazy Yiuf's attack.
Unknown command.
You closely miss Crazy Yiuf.
Crazy Yiuf is almost dead.
You feel very sick. Crazy Yiuf hits you but does no damage.
Crazy Yiuf hits you with a +3 quarterstaff of chaos!
* * * LOW HITPOINT WARNING * * *
You are lethally poisoned!
You feel very mighty all of a sudden.
* * * LOW HITPOINT WARNING * * *
You feel extremely sick.
Crazy Yiuf hits you with a +3 quarterstaff of chaos!
You die...

##.##.# #.#.#....<.# #.......
##.##.# #.<.......## #..####.
...##.# ###.###.#.# #..####.
#####.# ### ##### #....##.
#.# #..#.##. #.#
♣♣♣♣♣###..#.##. #.### ###
♣♣♣.♣...##....... #...#
#...#♣..♣......#.....# ##
###.## #...g@♣♣♣♣............
.# ####..# #)..#♣♣
♣♣..#........ .# #[.÷..# ###
♣♣###....... .###.##.##
##.....# .......÷.# ##...##
####..#.############# ##.##
#.......##.#...#.# #.#
##.#..#..........# #.#
#...#.##.###.############.###


You could see Crazy Yiuf.

Vanquished Creatures
  An adder (D:2)
  2 dart slugs
  3 ball pythons
  7 bats
  2 giant cockroaches
  4 goblins
  8 hobgoblins (D:2)
  10 jackals
  2 quokkas (D:2)
  5 frilled lizards
  2 kobolds (D:1)
  3 rats
49 creatures vanquished.

Notes
Turn   | Place    | Note
-------+----------+-------------------------------------------
     0 | D:1      | Renzlar the Gnoll Fighter began the quest for the Orb.
     0 | D:1      | Reached XP level 1. HP: 23/23 MP: 1/1
   124 | D:1      | Reached XP level 2. HP: 29/29 MP: 2/2
   617 | D:2      | Reached XP level 3. HP: 35/35 MP: 3/3
   628 | D:2      | Found a faded altar of an unknown god.
   805 | D:2      | Reached skill level 1 in Invocations
   909 | D:2      | Learned a level 3 spell: Fugue of the Fallen
   955 | D:2      | Reached skill level 1 in Short Blades
   955 | D:2      | Reached skill level 1 in Long Blades
   955 | D:2      | Reached skill level 1 in Maces & Flails
   955 | D:2      | Reached skill level 1 in Polearms
   955 | D:2      | Reached skill level 1 in Staves
   955 | D:2      | Reached skill level 1 in Ranged Weapons
   955 | D:2      | Reached skill level 1 in Throwing
   955 | D:2      | Reached skill level 1 in Dodging
   955 | D:2      | Reached skill level 1 in Stealth
   955 | D:2      | Reached skill level 1 in Unarmed Combat
   955 | D:2      | Reached skill level 1 in Spellcasting
   955 | D:2      | Reached skill level 1 in Evocations
  1078 | D:2      | Reached skill level 1 in Shapeshifting
  1078 | D:2      | Reached XP level 4. HP: 40/41 MP: 5/5
  1355 | D:2      | Found a runed translucent door.
  1356 | D:2      | Noticed Crazy Yiuf
  1364 | D:2      | Mangled by Crazy Yiuf

Illustrated notes

Levels and vault maps discovered:
D:1:      lemuel_arrival_room, layout_basic, minivault_26
D:2:      layout_loops_cross, ebering_ecumenical_altar_abandoned,
          minmay_tripent, uniq_crazy_yiuf_cottage

Skill      XL: |  1  2  3 |
---------------+----------+-----
Invocations    | 1 |  1.2
Short Blades   | 1 |  1.1
Long Blades    | 1 |  1.1
Maces & Flails | 1 |  1.1
Polearms       | 1 |  1.1
Staves         | 1 |  1.1
Ranged Weapons | 1 |  1.1
Throwing       | 1 |  1.1
Dodging        | 1 |  1.1
Stealth        | 1 |  1.1
Unarmed Combat | 1 |  1.1
Spellcasting   | 1 |  1.1
Evocations     | 1 |  1.1
Shapeshifting  | 1 |  1.0
Fighting       | |  6.6
Axes           | |  4.6
Armour         | |  6.6
Shields        | |  6.6
Conjurations   | |  0.8
Hexes          | |  0.8
Summonings     | |  0.8
Necromancy     | |  0.8
Translocations | |  0.8
Fire Magic     | |  0.8
Ice Magic      | |  0.8
Air Magic      | |  0.8
Earth Magic    | |  0.8
Alchemy        | |  0.8

Action                     |  1- 3 |  4- 6 || total
---------------------------+-------+-------++-------
  Melee: War axe           |   113 |    32 ||   145
         Bite              |     6 |     3 ||     9
    Use: Scroll            |     5 |       ||     5
         Potion            |     1 |     1 ||     2
 Armour: Scale mail        |    83 |    18 ||   101
  Dodge: Dodged            |    51 |    13 ||    64
  Block: Buckler           |    27 |     8 ||    35
